Construct Infanterie Kompanie
Selects Luftwaffe Battlegroup
Selects Luftwaffe Pioneer Support
Construct Luftwaffe Kompanie
Selects Reconnaissance Run
Selects Fallschirmjäger Squad Paradrop
Infanterie Officer Quarters
Fallschirmjäger Squad Paradrop
Marder III M Tank Destroyer
Luftwaffe Officer Quarters
Selects Flak 38 Anti-Air Emplacement
Selects Infantry Reserves
Construct Panzergrenadier Kompanie
Construct Panzer Kompanie